 Dungeon Crawl Stone Soup version 0.27-a0-906-g0a00ce863d (webtiles) character file.

Game seed: 7567937131885271568

8 Alarkh the Insei (level 2, 22/22 HPs)
             Began as a Demonspawn Gladiator on Apr 6, 2021.
             Got out of the dungeon alive.
             The game lasted 00:00:11 (252 turns).

Alarkh the Insei (Demonspawn Gladiator)              Turns: 252, Time: 00:00:11

Health: 22/22      AC:  3    Str: 14    XL:     2   Next: 0%
Magic:  2/2        EV: 12    Int:  9    God:
Gold:   0          SH:  0    Dex: 14    Spells: 1/1 levels left

rFire    . . .     SeeInvis .     - Unarmed
rCold    . . .     Faith    .   (no shield)
rNeg     . . .     Spirit   .   a - +0 leather armour
rPois    .         Reflect  .   (helmet restricted)
rElec    .         Harm     .   (no cloak)
rCorr    .         Rampage  .   (no gloves)
Will     .....                  (no boots)
Stlth    +.........             (no amulet)
HPRegen  0.07/turn              (no ring)
MPRegen  0.08/turn              (no ring)

@: no status effects
A: horns 1
a: no special abilities


You escaped.
You visited 1 branch of the dungeon, and saw 1 of its levels.

Inventory:

Missiles
 c - 3 throwing nets (quivered)
Armour
 a - a +0 leather armour (worn)
 b - a +0 helmet
Scrolls
 e - a scroll of vulnerability {unknown}
Potions
 d - a potion of ambrosia {unknown}
 f - a potion of attraction {unknown}
 g - a potion of invisibility {unknown}


   Skills:
 + Level 2.2 Fighting
 - Level 1.7 Throwing
 - Level 2.6 Dodging
 * Level 3.1 Unarmed Combat


You had one spell level left.
You didn't know any spells.
Your spell library was empty.

Dungeon Overview and Level Annotations

Branches:
Dungeon (1/15)

Altars:


Innate Abilities, Weirdness & Mutations

You have a pair of small horns on your head.


Message History

You kill the endoplasm!
Your Unarmed Combat skill increases to level 3!
No target in view!
No target in view!
No target in view!
No target in view!
No target in view!
No target in view!
No target in view!
No target in view!
No target in view!
A frilled lizard and a bat come into view.
The frilled lizard hisses angrily.
There are monsters nearby!
There are monsters nearby!
The frilled lizard barely misses you.
You completely miss the frilled lizard.
The frilled lizard bites you but does no damage.
You barely miss the bat. The bat hits you.
The frilled lizard closely misses you.
You closely miss the frilled lizard. The bat barely misses you.
The frilled lizard closely misses you.
You hit the bat.
You kill the bat!
The frilled lizard bites you but does no damage.
You hit the frilled lizard.
You kill the frilled lizard!
You have reached level 2!
Your demonic ancestry asserts itself...
A pair of horns grows on your head!
Your +0 helmet falls away!
You see here a frilled lizard corpse.
You see here 27 sling bullets.
Items here: ) ÷ ††.
There is an open door here.
You enter the shallow water.
Moving in this stuff is going to be slow.
There is a staircase leading out of the dungeon here.
Are you sure you want to leave the Dungeon?
This will make you lose the game!
You have escaped!

##.#.# #..#.# #.##.# ...######
#.##.# ........#
#.##.###########.#
######.##.##≈≈≈#≈#≈.'.#
#..........#≈##≈#≈###.#
#.###..#...#≈≈#≈#≈# #.#
#..#...+≈@#≈#≈≈ #.######## #
##..#..##≈≈≈≈###.#..)......
#.##...#..##≈##≈# .####...>..
#.#.......##≈≈≈≈# ####......
#.........#######+###.........
#.#.....#.# ..........#......
#.##.(.##... ..........#......
#.###.#####.#####......#......
#...........# #......####.##


There were no monsters in sight!

Vanquished Creatures
  A bat (D:1)
  An endoplasm (D:1)
  A goblin (D:1)
  2 hobgoblins (D:1)
  2 frilled lizards (D:1)
7 creatures vanquished.

Notes
Turn   | Place    | Note
-------+----------+-------------------------------------------
     0 | D:1      | Alarkh the Demonspawn Gladiator began the quest for the
                  | Orb.
     0 | D:1      | Reached XP level 1. HP: 16/16 MP: 1/1
   174 | D:1      | Reached skill level 3 in Unarmed Combat
   184 | D:1      | Gained mutation: You have a pair of small horns on your
                  | head. [demonic ancestry]
   184 | D:1      | Reached XP level 2. HP: 17/22 MP: 2/2
   252 | D:$      | Got out of the dungeon alive.

Illustrated notes

Levels and vault maps discovered:
D:1:      ncdulo_wetmaze, layout_loops_ring

Skill      XL: |  1 |
---------------+----+-----
Unarmed Combat | 3 |  3.1
Fighting       | |  2.2
Throwing       | |  1.7
Dodging        | |  2.6

Action                   || total
-------------------------++-------
Melee: Unarmed           ||    25
       Punch             ||     1
Armor: Leather armour    ||     4
Dodge: Dodged            ||    13

Table legend: (Time is in decaauts)
 A = Elapsed time spent in this place.
 B = Non-inter-level travel time spent in this place.
 C = Inter-level travel time spent in this place.
 D = Time resting spent in this place.
 E = Time spent auto-exploring this place.
 F = Levels seen in this place.
 G = Mean time per level.
                   A        B        C        D        E       F      G
               +--------+--------+--------+--------+--------+-----+--------+
         Total |    263 |    192 |     71 |      0 |    153 |   1 |  263.0 |
       Dungeon |    263 |    192 |     71 |      0 |    153 |   1 |  263.0 |
               +--------+--------+--------+--------+--------+-----+--------+

Top non-repeatable levels by time:
     D:1: 263 daAuts
